 Dungeon Crawl Stone Soup version 0.24-b1 (webtiles) character file.

Game seed: 5065864070296564250, levelgen mode: deterministic

674 Mattoad the Chopper (level 7, -2/68 HPs)
             Began as a Troll Fighter on Oct 12, 2019.
             Was an Initiate of Trog.
             Slain by a killer bee (10 damage)
             ... on level 8 of the Dungeon.
             The game lasted 00:10:00 (2798 turns).

Mattoad the Chopper (Troll Fighter)                 Turns: 2798, Time: 00:10:01

Health: -2/68      AC:  4    Str: 27    XL:     7   Next: 33%
Magic:  6/6        EV:  8    Int:  4    God:    Trog [......]
Gold:   141        SH:  8    Dex:  7    Spells: 6/6 levels left

rFire    . . .     SeeInvis .   a - +0 war axe
rCold    . . .     Gourm    +   c - +0 shield
rNeg     . . .     Faith    .   (armour restricted)
rPois    .         Spirit   .   (helmet restricted)
rElec    .         Reflect  .   (no cloak)
rCorr    .         Harm     .   (gloves unavailable)
MR       .....                  (boots unavailable)
Stlth    +.........             (no amulet)
HPRegen  0.61/turn              (no ring)
MPRegen  0.10/turn              (no ring)

@: lethally poisoned (-2 -> -14)
A: large, unfitting armour, claws 3, hooves 1, horns 1, clumsy 1, fast
metabolism 3, gourmand, regeneration 1, screaming 1, shaggy fur 1, tough skin 3
a: Renounce Religion


You were on level 8 of the Dungeon.
You worshipped Trog.
Trog was noncommittal.
You were not hungry.

You visited 2 branches of the dungeon, and saw 9 of its levels.

You collected 141 gold pieces.

Inventory:

Hand Weapons
 a - a +0 war axe (weapon)
Armour
 c - a +0 shield (worn)
Wands
 m - a wand of acid (15)
Scrolls
 b - a scroll of fear {unknown}
 d - a scroll of immolation {unknown}
 g - 2 scrolls of teleportation {unknown}
Potions
 e - a potion of invisibility
 j - a potion of brilliance {unknown}
 k - a potion of resistance {unknown}
 l - a potion of curing {unknown}


   Skills:
 + Level 3.7 Fighting
 * Level 6.1 Axes
 - Level 2.4 Dodging
 + Level 0.3 Stealth
 - Level 2.4 Shields


You had 6 spell levels left.
You didn't know any spells.
Your spell library was empty.

Dungeon Overview and Level Annotations

Branches:
Dungeon (8/15)             Temple (1/1) D:4
   Lair: D:8-11

Altars:
Ashenzari
Cheibriados
Dithmenos
Elyvilon
Fedhas
Gozag
Hepliaklqana
Makhleb
Nemelex Xobeh
Okawaru
Qazlal
Ru
Sif Muna
Trog
Uskayaw
Vehumet
Wu Jian
Xom
Yredelemnul
Zin
The Shining One


Innate Abilities, Weirdness & Mutations

You are too large for most types of armour.
You have claws for hands.
Your metabolism is lightning-fast.
You like to eat raw meat.
Your natural rate of healing is unusually fast.
You are covered in fur. (AC +1)
You have extremely tough skin. (AC +3)
You have large cloven feet.
You have a pair of small horns on your head.
You are clumsy. (Dex -2)
You occasionally shout uncontrollably at your foes.


Message History

The killer bee closely misses you. The killer bee stings you!
* * * LOW HITPOINT WARNING * * *
A hippogriff comes into view.
You miss the killer bee.
The hippogriff screeches!
Your kick misses the killer bee.
You feel sick. The killer bee barely misses you.
You block the killer bee's attack. x2
You closely miss the killer bee.
You feel very sick. The killer bee stings you.
* * * LOW HITPOINT WARNING * * *
The killer bee barely misses you. You block the killer bee's attack.
You miss the killer bee. Your kick misses the killer bee.
You feel sick. The killer bee stings you.
* * * LOW HITPOINT WARNING * * *
You are lethally poisoned!
The killer bee poisons you! You block the killer bee's attack.
* * * LOW HITPOINT WARNING * * *
You feel sick. The killer bee stings you!
You die...

.. .#.#.#..
#.####.......#
#......#.#.#..
........... + ..H......
#### #.. ..##..# ...#
##...###'##..# ...#
........y....# ...#
........@....# ...#
.............#
...############......#
###...........#####'###
..'...................#
..#...................#
..#...................#
###...................#
........######........#


You could see a hippogriff and a killer bee.

Vanquished Creatures
  A basilisk (D:8)
  An ogre (Temple)
  A centaur (D:8)
  A wyvern zombie (D:8)
  A bullfrog (D:7)
  A scorpion (D:5)
  A crimson imp (D:5)
  A jelly (D:5)
  A hound (Temple)
  A hound zombie (D:8)
  4 adders
  A howler monkey skeleton (D:5)
  A shadow imp (D:5)
  2 oozes
  3 dart slugs
  5 orcs
  2 giant cockroaches (D:1)
  7 goblins
  4 hobgoblins
  A quokka (D:3)
  2 bats
  A frilled lizard (D:3)
  5 rats
  A bush (Temple)
  2 plants (Temple)
51 creatures vanquished.

Vanquished Creatures (others)
  2 fungi (D:8)
  A plant (D:8)
3 creatures vanquished.

Grand Total: 54 creatures vanquished

Notes
Turn   | Place    | Note
-------+----------+-------------------------------------------
     0 | D:1      | Mattoad the Troll Fighter began the quest for the Orb.
     0 | D:1      | Reached XP level 1. HP: 22/22 MP: 0/0
   269 | D:1      | Reached XP level 2. HP: 29/29 MP: 1/1
   282 | D:1      | Reached skill level 2 in Axes
  1201 | D:3      | Reached XP level 3. HP: 34/36 MP: 2/2
  1405 | D:4      | Noticed an ogre
  1408 | D:4      | Found a staircase to the Ecumenical Temple.
  1424 | D:4      | HP: 1/37 [ogre/+0 giant spiked club (11)]
  1425 | Temple   | Entered the Ecumenical Temple
  1449 | Temple   | Killed an ogre
  1449 | Temple   | Reached skill level 3 in Axes
  1449 | Temple   | Reached XP level 4. HP: 37/45 MP: 3/3
  1449 | Temple   | Reached XP level 5. HP: 44/53 MP: 4/4
  1453 | Temple   | Reached skill level 4 in Axes
  1660 | Temple   | Became a worshipper of Trog the Wrathful
  1779 | D:5      | Entered Level 5 of the Dungeon
  1965 | D:5      | Reached XP level 6. HP: 28/61 MP: 5/5
  2135 | D:7      | Reached skill level 5 in Axes
  2587 | D:8      | Gained mutation: You occasionally shout uncontrollably at
                  | your foes. [potion of mutation]
  2587 | D:8      | Gained mutation: You have a pair of small horns on your
                  | head. [potion of mutation]
  2587 | D:8      | Gained mutation: You are clumsy. (Dex -2) [potion of
                  | mutation]
  2587 | D:8      | Gained mutation: You have large cloven feet. [potion of
                  | mutation]
  2732 | D:8      | Reached XP level 7. HP: 25/67 MP: 6/6
  2770 | D:8      | Noticed a basilisk
  2784 | D:8      | Killed a basilisk
  2784 | D:8      | Reached skill level 6 in Axes
  2794 | D:8      | Noticed a hippogriff
  2798 | D:8      | Slain by a killer bee

Skill      XL: |  1  2  3  4  5  6  7 |
---------------+----------------------+-----
Axes           | 2 3 4 5 6 |  6.1
Fighting       | 3 |  3.7
Dodging        | |  2.4
Stealth        | |  0.3
Shields        | |  2.4

Action                   |  1- 3 |  4- 6 |  7- 9 || total
-------------------------+-------+-------+-------++-------
Melee: War axe           |    89 |   153 |    16 ||   258
       Kick              |       |     4 |     3 ||     7
       Headbutt          |       |     2 |     3 ||     5
  Use: Potion            |     3 |     2 |       ||     5
       Scroll            |       |     2 |       ||     2
  Eat: Ration            |     4 |     3 |       ||     7
       Chunk             |     3 |       |       ||     3
Armor: Robe              |    33 |       |       ||    33
       Skin              |    13 |    30 |     5 ||    48
Dodge: Dodged            |    46 |    29 |     9 ||    84
Block: Shield            |    53 |    56 |    11 ||   120
